AoeStats
← SleepyDango

Oasis

509945268Analyzed
3v3 RM · 4d ago on Sep 28, 2026· 43m 55s· 6 players
Game mode
Random Map
Map size
Normal (6 player)
Population
200
Speed
Normal
Resources
Standard
Victory
Conquest
Starting age
Dark Age
Ending age
Imperial Age
RankedLock teamsTeams togetherTeam positionsShared explorationLock speedFull tech treeHidden civsTurbo modeCheats
Victory
Defeat
🇬🇧 Byzantines · United Kingdom
1069
+15
🇬🇧 Franks · United Kingdom
1054
+16
🇬🇧 Koreans · United Kingdom
1054
+16
🇧🇷 Varangians · Brazil
1113
-42
🇧🇷 Armenians · Brazil
1069
-42
🇧🇷 Shu · Brazil
969
-12
Gioo
7:27 Loom
9:46 Feudal Age
11:25 Double-Bit Axe
21:01 Castle Age
19:52 Wheelbarrow
19:35 Bloodlines
20:56 Stone Mining
20:59 Gold Mining
20:51 Horse Collar
22:33 Scale Mail Armor
23:45 Gambesons
25:53 Squires
26:41 Forging
30:57 Chain Mail Armor
33:06 Iron Casting
36:29 Bow Saw
36:24 Heavy Plow
37:55 Hand Cart
39:04 Pikeman
39:54 Murder Holes
brunovorpagelk
10:11 Feudal Age
11:27 Double-Bit Axe
15:20 Gold Mining
15:18 Horse Collar
16:45 Stone Mining
24:47 Castle Age
24:28 Fletching
24:39 Padded Archer Armor
25:09 Crossbowman
26:58 Bodkin Arrow
30:55 Leather Archer Armor
Carolina
11:58 Feudal Age
18:20 Double-Bit Axe
21:32 Forging
21:28 Scale Barding Armor
22:39 Bloodlines
26:02 Castle Age
25:14 Gold Mining
25:15 Stone Mining
26:33 Horse Collar
28:22 Pikeman
29:03 Squires
35:45 Iron Casting
35:31 Chain Barding Armor
35:32 Guard Tower
38:29 Bow Saw
38:06 Elite Skirmisher
40:26 Ballistics
45:53 Imperial Age
43:29 Scale Mail Armor
King Cloon
7:12 Loom
12:09 Feudal Age
13:43 Double-Bit Axe
17:06 Castle Age
15:10 Gold Mining
15:55 Scale Barding Armor
22:15 Chain Barding Armor
22:45 Forging
24:21 Husbandry
25:58 Iron Casting
27:11 Wheelbarrow
26:22 Town Watch
33:38 Imperial Age
31:53 Hand Cart
31:38 Town Patrol
33:34 Town Patrol
33:40 Stone Mining
34:29 Gold Shaft Mining
35:50 Chemistry
34:44 Cavalier
36:46 Plate Barding Armor
37:12 Blast Furnace
38:54 Fletching
40:20 Conscription
40:31 Paladin
41:53 Chivalry
KoolarSmith
9:40 Loom
12:05 Feudal Age
18:58 Castle Age
21:53 Double-Bit Axe
22:33 Fortified Wall
24:04 Elite Skirmisher
26:00 Bow Saw
26:17 Stone Mining
29:00 Horse Collar
30:58 Thumb Ring
32:23 Fletching
32:34 Scale Mail Armor
33:50 Wheelbarrow
33:16 Gold Mining
37:19 Imperial Age
39:08 Hand Cart
39:31 Gold Shaft Mining
39:59 Two-Man Saw
39:02 Heavy Plow
38:28 Heavy Rocket Cart
41:34 Chain Mail Armor
41:15 Bodkin Arrow
41:30 Forging
41:26 Scale Barding Armor
43:04 Chemistry
42:25 Ballistics
42:11 Siege Engineers
42:04 Murder Holes
SleepyDango
6:04 Loom
11:08 Feudal Age
19:42 Castle Age
19:19 Scale Mail Armor
19:09 Double-Bit Axe
19:07 Horse Collar
19:46 Pikeman
20:38 Arson
24:33 Scale Mail Armor
24:43 Forging
26:20 Chain Mail Armor
26:40 Iron Casting
26:24 Squires
26:58 Stone Mining
26:58 Gold Mining
28:51 Gambesons
28:26 Man-at-Arms
32:53 Gold Mining
34:47 Wheelbarrow
34:41 Scale Barding Armor
36:03 Gold Shaft Mining
40:40 Imperial Age
38:27 Hand Cart
40:02 Chain Barding Armor
41:44 Conscription
42:16 Logistica
43:31 Capped Ram
43:37 Elite Varangian Guard
Connection lost

Rejoining the realm…

Still unreachable

The connection could not be restored.

Session expired

The server has moved on; the page needs a fresh start.